 Dungeon Crawl Stone Soup version 0.20.1-1-g8b1a95d (webtiles) character file.

88427 Mesmaeker13 the Carver (level 15, -6/133 HPs)
             Began as a Demigod Wanderer on Oct 11, 2017.
             Mangled by Donald
             ... wielding a +4 broad axe of freezing
              (25 damage)
             ... on level 1 of the Orcish Mines on Oct 12, 2017.
             The game lasted 01:22:14 (38448 turns).

Mesmaeker13 the Carver (Demigod Wanderer)          Turns: 38448, Time: 01:22:14

Health: -6/133     AC: 28    Str: 25    XL:     15   Next: 6%
Magic:  18/18      EV: 10    Int: 20    God:
Gold:   1854       SH: 14    Dex: 17    Spells: 14/14 levels left

rFire    + . .     SeeInvis +   H - +1 scimitar of Unu Fuole {slice, +Inv Str+6 Dex-5 SInv}
rCold    . . .     Gourm    +   a - +0 shield
rNeg     . . .     Faith    .   j - +1 crystal plate armour
rPois    +         Spirit   .   e - +1 hat
rElec    .         Reflect  .   y - +0 cloak
rCorr    .         Harm     .   (no gloves)
MR       +....                  n - +1 pair of boots
Stlth    ..........             b - amulet of the gourmand
Regen    0.4/turn               W - ring of protection from fire
MPRegen  0.2/turn               q - ring of poison resistance

@: agile
A: horns 1, talons 1, camouflage 1, blink, high mp 1
a: Blink, Evoke Invisibility


You were on level 1 of the Orcish Mines.
You were completely stuffed.

You visited 3 branches of the dungeon, and saw 19 of its levels.
You also visited: Ice Cave.

You collected 1899 gold pieces.
You spent 45 gold pieces at shops.

Inventory:

Hand Weapons
 u - a +5 blowgun
 H - the +1 scimitar of Unu Fuole (weapon) {slice, +Inv Str+6 Dex-5 SInv}
   (You found it on level 6 of the Dungeon)

   It inflicts extra damage upon your enemies.
   It affects your strength (+6).
   It affects your dexterity (-5).
   It lets you see invisible.
   It lets you turn invisible.
Missiles
 z - a curare-tipped needle
 G - 3 tomahawks of returning (quivered)
Armour
 a - a +0 shield (worn)
 d - a +0 helmet of see invisible
 e - a +1 hat (worn)
 j - a +1 crystal plate armour (worn)
 n - a +1 pair of boots (worn)
 y - a +0 cloak (worn)
Jewellery
 b - an amulet of the gourmand (around neck)
 l - an uncursed ring of protection from fire
 q - a ring of poison resistance (right hand)
 K - a +3 ring of evasion
 P - an uncursed ring of flight
 W - a ring of protection from fire (left hand)
Wands
 M - a wand of digging (19/24)
Scrolls
 g - 2 scrolls of teleportation
 i - a scroll of summoning {unknown}
 k - 3 scrolls of vulnerability {unknown}
 s - 5 scrolls of remove curse
 C - 3 scrolls of fog
 D - 5 scrolls of blinking
 F - a scroll of silence {unknown}
 N - 2 scrolls of immolation
 O - a scroll of amnesia {unknown}
 S - a scroll of brand weapon {unknown}
Potions
 m - a potion of curing
 x - a potion of haste
 B - a potion of magic
 J - a potion of flight {unknown}
 Q - 4 potions of cancellation
Miscellaneous
 R - a lamp of fire
Comestibles
 c - 20 chunks of flesh
 f - 6 bread rations
 w - 5 fruits


   Skills:
 + Level 12.2 Fighting
 - Level 14.0 Long Blades
   Level 1.0 Staves
   Level 1.0 Crossbows
 + Level 12.6 Armour
 - Level 0.1 Dodging
 + Level 12.8 Shields
 + Level 0.0 Evocations


You had 14 spell levels left.
You didn't know any spells.

Dungeon Overview and Level Annotations

Branches:
Dungeon (11/15)            Temple (0/1) D:4            Lair (6/6) D:10
  Swamp (0/4) Lair:2       Spider (0/4) Lair:3        Slime (0/5) Lair:5
    Orc (2/2) D:11            Elf (0/3) Orc:2

Shops:
D:5 *   D:6 (   D:7 [   D:9 (

Annotations:
D:3 2 transporters, Patate's ghost, amateur HOFi
Orc:1 Donald


Innate Abilities, Weirdness & Mutations

You have an increased reservoir of magic. (+10% MP)
You have a pair of small horns on your head.
You have sharp toenails.
Your skin changes colour to match your surroundings (Stealth+).
You can translocate small distances at will.


Message History

You block Donald's attack. Donald blocks your attack.
You headbutt Donald!
Donald is severely wounded.
Donald says, "These orcs are so stupid, they must've eaten the rune."
Donald hits you with a broad axe of freezing!!
* * * LOW HITPOINT WARNING * * *
Donald freezes you!
* * * LOW HITPOINT WARNING * * *
You feel better.
Donald says, "I hate the gods."
Donald hits you but does no damage.
You feel agile all of a sudden.
Donald hits you with a broad axe of freezing!!
* * * LOW HITPOINT WARNING * * *
Donald freezes you.
* * * LOW HITPOINT WARNING * * *
Unknown command.
You feel better.
Donald hits you with a broad axe of freezing!!
You die...

####...#.##...[...#
##.#........#[....##
#.................#
###..............[##
##.#....[......#....##
#.....#..............#
##......)[...........####
##..........$@........#.##
###....#......)@[..........# #
##.....###.....[)....##....######
#....#####.......[#..#.......##.#
##.### #........#.[.............
### ###................#..#...
##..#.#............#...##.#
#......#.....##...#...#####
##....#....###...##....#
##.####.### ##.####..##


You could see Donald.

Vanquished Creatures
  Gastronok (D:11)
  The ghost of vatarom the Fighter, a journeyman DsTm of Dithmenos (Orc:2)
  2 entropy weavers
  7 hydras
  The ghost of p0werm0de the Fighter, a journeyman DsBe of Trog (Orc:2)
  An ice dragon (Lair:6)
  7 two-headed ogres
  An anaconda (Lair:6)
  An ogre mage (Orc:1)
  A queen ant (Lair:5)
  7 death yaks
  The ghost of Mesmaeker13 the Geomancer, a journeyman GrEE of Sif Muna (Lair:1)
  A deep troll (Orc:1)
  2 lindwurms (Lair:6)
  A shining eye (Lair:5)
  A necromancer (IceCv)
  An orc sorcerer (D:11)
  6 deep elf magi
  A manticore (Lair:6)
  An ugly thing (D:11)
  A cyclops (Orc:1)
  17 elephants
  A centaur zombie (D:11)
  5 black mambas
  4 ice statues (IceCv)
  8 torpor snails
  Joseph (D:8)
  A gargoyle (D:10)
  Psyche (D:10)
  11 spiny frogs
  4 komodo dragons
  5 rime drakes
  8 ice devils (IceCv)
  8 hornets (Lair:6)
  2 trolls
  10 polar bears
  3 tyrant leeches
  2 raiju (Lair:6)
  12 blink frogs
  10 hippogriffs
  A shadow (D:11)
  39 yaks
  4 wyverns
  A basilisk (Lair:3)
  Grum (D:8)
  Edmund (D:5)
  6 wargs
  5 swamp worms (Lair:2)
  20 soldier ants
  16 water moccasins
  An acid dragon (D:11)
  15 hell hounds
  11 porcupines
  19 orc warriors
  14 black bears
  2 eyes of draining
  An ice beast (D:7)
  3 sky beasts
  2 phantoms
  43 wolves
  A necrophage (D:10)
  14 ogres
  13 centaurs
  20 crocodiles
  4 big kobolds
  23 bullfrogs
  A gnoll sergeant (D:7)
  A water moccasin skeleton (D:11)
  6 scorpions
  5 killer bees (D:11)
  8 wights
  5 howler monkeys
  An electric eel (Lair:2)
  A quasit (D:10)
  4 crimson imps
  2 draconian simulacra (IceCv)
  3 hounds
  2 jellies
  Crazy Yiuf (D:6)
  3 centaur skeletons
  14 orc priests
  4 bullfrog skeletons
  Natasha (thrice) (D:4)
  2 iguanas
  13 orc wizards
  6 hell rats (Lair:2)
  34 worker ants
  A spriggan simulacrum (IceCv)
  2 troll simulacra (IceCv)
  2 centaur simulacra (IceCv)
  A hound zombie (D:11)
  2 worker ant zombies
  A howler monkey zombie (D:11)
  9 gnolls
  13 river rats (Lair:2)
  9 adders
  3 ogre simulacra (IceCv)
  3 shadow imps
  An adder zombie (D:8)
  17 worms
  2 dart slugs
  3 leopard geckos
  55 orcs
  3 ball pythons
  6 giant cockroaches
  9 goblins
  5 hobgoblins
  18 jackals
  25 kobolds
  12 quokkas
  4 bats
  5 frilled lizards
  2 giant cockroach zombies (D:3)
  A jackal skeleton (D:3)
  2 quokka skeletons (D:5)
  18 rats
  A fungus (Lair:5)
  A plant (Lair:6)
794 creatures vanquished.

Vanquished Creatures (others)
  Menkaure (D:6)
  An orc wizard (D:7)
  2 bushes
  30 fungi
  52 plants
86 creatures vanquished.

Grand Total: 880 creatures vanquished

Notes
Turn   | Place    | Note
-------+----------+-------------------------------------------
     0 | D:1      | Mesmaeker13 the Demigod Wanderer began the quest for the Orb.
     0 | D:1      | Mesmaeker13 set off with: a +0 shield, a +0 quarterstaff, a +0 ring mail, a +0 dagger, a bread ration
     0 | D:1      | Reached XP level 1. HP: 19/19 MP: 3/3
   470 | D:1      | Reached XP level 2. HP: 20/27 MP: 4/4
  1837 | D:1      | Reached XP level 3. HP: 33/33 MP: 5/5
  3361 | D:2      | Reached XP level 4. HP: 40/40 MP: 6/6
  3588 | D:3      | Noticed Patate's ghost (amateur HOFi)
  3717 | D:3      | Found a transporter.
  4109 | D:3      | Found a transporter.
  4606 | D:3      | Reached XP level 5. HP: 25/47 MP: 7/7
  4968 | D:3      | Found a stormy altar of Qazlal.
  4969 | D:3      | Found a deep blue altar of Sif Muna.
  5230 | D:4      | Found a shadowy altar of Dithmenos.
  5308 | D:4      | Noticed an ogre
  5324 | D:4      | Killed an ogre
  5324 | D:4      | Reached skill level 5 in Fighting
  5324 | D:4      | Reached XP level 6. HP: 26/56 MP: 8/8
  5857 | D:4      | Noticed Natasha
  5868 | D:4      | Killed Natasha
  5942 | D:4      | Found a staircase to the Ecumenical Temple.
  6028 | D:4      | Noticed Natasha
  6036 | D:4      | Killed Natasha
  6226 | D:4      | Noticed Natasha
  6234 | D:4      | Killed Natasha
  6346 | D:5      | Entered Level 5 of the Dungeon
  6467 | D:5      | Found Bodo's General Store.
  6532 | D:5      | Bought a +0 long sword for 45 gold pieces
  6963 | D:5      | Found a hazy altar of Hepliaklqana.
  7137 | D:6      | Killed Menkaure
  7251 | D:6      | Found an opulent altar of Gozag.
  7300 | D:6      | Got a warped scimitar
  7302 | D:6      | Identified the +1 scimitar of Unu Fuole {slice, +Inv Str+6 Dex-5 SInv} (You found it on level 6 of the Dungeon)
  7306 | D:6      | Reached XP level 7. HP: 52/61 MP: 9/9
  7405 | D:6      | Reached skill level 1 in Long Blades
  7626 | D:6      | Reached skill level 2 in Long Blades
  7957 | D:6      | Reached skill level 5 in Shields
  8159 | D:6      | Reached skill level 3 in Long Blades
  8241 | D:5      | Noticed Edmund
  8262 | D:5      | Killed Edmund
  8262 | D:5      | Reached skill level 5 in Armour
  8262 | D:5      | Reached XP level 8. HP: 66/70 MP: 10/10
  8427 | D:5      | Reached skill level 4 in Long Blades
  8627 | D:6      | Found Keng's Weapon Emporium.
  8735 | D:6      | Found a runed door.
  8739 | D:6      | Noticed Crazy Yiuf
  8743 | D:6      | Killed Crazy Yiuf
  8779 | D:6      | Found a burning altar of Makhleb.
  8779 | D:6      | Noticed a blizzard demon
  8807 | D:6      | Noticed a hellwing
  8890 | D:7      | Found Test's Antique Armour Shop.
  8991 | D:6      | Reached skill level 5 in Long Blades
  9395 | D:7      | Found a shattered altar of Ashenzari.
  9472 | D:7      | Found a shattered altar of Ashenzari.
 10381 | D:8      | Got a translucent zirconium amulet
 10384 | D:8      | Identified the amulet "Degeyrch" {Harm *Drain +Fly rN+ Int+3 Dex-4} (You found it on level 8 of the Dungeon)
 10432 | D:8      | Noticed Grum
 10439 | D:8      | Reached skill level 6 in Long Blades
 10442 | D:8      | Reached XP level 9. HP: 50/75 MP: 11/11
 10452 | D:8      | Killed Grum
 10767 | D:8      | Reached skill level 7 in Long Blades
 11284 | D:8      | Noticed Joseph
 11292 | D:8      | Killed Joseph
 11390 | D:9      | Noticed a two-headed ogre
 11390 | D:9      | Noticed a two-headed ogre
 11407 | D:8      | Killed a two-headed ogre
 11407 | D:8      | Reached skill level 8 in Long Blades
 11749 | D:9      | Reached XP level 10. HP: 83/83 MP: 13/13
 12084 | D:8      | Killed a two-headed ogre
 12084 | D:8      | Reached skill level 9 in Long Blades
 12444 | D:9      | Noticed a two-headed ogre
 12454 | D:9      | Killed a two-headed ogre
 12892 | D:9      | Found Eruog's Antique Weapon Shop.
 13114 | D:10     | Entered Level 10 of the Dungeon
 13243 | D:10     | Noticed Psyche
 13251 | D:10     | Killed Psyche
 13354 | D:10     | Found a staircase to the Lair.
 13650 | D:10     | Noticed a two-headed ogre
 13971 | D:10     | Reached XP level 11. HP: 58/90 MP: 14/14
 14257 | D:10     | Killed a two-headed ogre
 14257 | D:10     | Reached skill level 10 in Long Blades
 15496 | D:11     | Found a staircase to the Orcish Mines.
 15873 | D:11     | Found a roughly hewn altar of Beogh.
 16254 | D:11     | Reached skill level 11 in Long Blades
 16393 | Lair:1   | Entered Level 1 of the Lair of Beasts
 16563 | Lair:1   | Noticed Mesmaeker13's ghost (journeyman GrEE)
 16601 | Lair:1   | Killed Mesmaeker13's ghost
 17894 | Lair:1   | Gained mutation: Scrolls take you a little longer to read. [potion of mutation]
 17894 | Lair:1   | Gained mutation: You are robust. (+10% HP) [potion of mutation]
 17894 | Lair:1   | Gained mutation: Armour fits poorly on your strangely shaped body. [potion of mutation]
 17894 | Lair:1   | Gained mutation: You evolve. [potion of mutation]
 17895 | Lair:1   | Lost mutation: Scrolls take you a little longer to read. [potion of mutation]
 17895 | Lair:1   | Lost mutation: You are robust. (+10% HP) [potion of mutation]
 17895 | Lair:1   | Lost mutation: You evolve. [potion of mutation]
 17895 | Lair:1   | Lost mutation: Armour fits poorly on your strangely shaped body. [potion of mutation]
 17895 | Lair:1   | Gained mutation: Your flesh is cold resistant. (rC+) [potion of mutation]
 17895 | Lair:1   | Gained mutation: You have sharp toenails. [potion of mutation]
 17895 | Lair:1   | Gained mutation: Your skin changes colour to match your surroundings (Stealth+). [potion of mutation]
 17895 | Lair:1   | Gained mutation: You can translocate small distances at will. [potion of mutation]
 17969 | Lair:1   | Reached XP level 12. HP: 64/103 MP: 15/15
 18250 | Lair:2   | Found a frozen archway.
 18260 | IceCv    | Entered an ice cave
 20275 | IceCv    | Reached skill level 10 in Shields
 20675 | IceCv    | Got a warped broad axe
 20975 | Lair:2   | Found a staircase to the Swamp.
 22453 | Lair:2   | Reached skill level 10 in Armour
 23138 | Lair:3   | Reached skill level 12 in Long Blades
 23568 | Lair:3   | Identified the +4 broad axe "Lozit" {chop, rC+ SInv} (You found it in an ice cave)
 23696 | Lair:3   | Found a hole to the Spider Nest.
 24711 | Lair:4   | Noticed a five-headed hydra
 24751 | Lair:4   | Killed a five-headed hydra
 25066 | Lair:4   | Reached XP level 13. HP: 109/112 MP: 16/16
 25986 | Lair:5   | Reached skill level 10 in Fighting
 26247 | Lair:5   | Found a viscous altar of Jiyva.
 26248 | Lair:5   | Found a staircase to the Slime Pits.
 26308 | Lair:5   | Noticed an entropy weaver
 27110 | Lair:5   | Noticed an entropy weaver
 27238 | Lair:4   | Killed an entropy weaver
 27687 | Lair:5   | Killed an entropy weaver
 28060 | Lair:6   | Entered Level 6 of the Lair of Beasts
 29748 | Lair:6   | Reached skill level 13 in Long Blades
 30089 | Lair:6   | Reached XP level 14. HP: 124/124 MP: 17/17
 30676 | Lair:6   | Paralysed by a hornet for 2 turns
 30680 | Lair:6   | Paralysed by a hornet for 1 turns
 31567 | Lair:6   | Found a runed door.
 35558 | Lair:5   | Gained mutation: Armour fits poorly on your strangely shaped body. [a shining eye]
 35562 | Lair:5   | Gained mutation: Your body sometimes deteriorates upon taking damage. [a shining eye]
 35563 | Lair:5   | Gained mutation: Your spells are a little easier to cast, but a little less powerful. [a shining eye]
 35573 | Lair:5   | Lost mutation: Armour fits poorly on your strangely shaped body. [potion of mutation]
 35573 | Lair:5   | Lost mutation: Your flesh is cold resistant. (rC+) [potion of mutation]
 35573 | Lair:5   | Lost mutation: Your spells are a little easier to cast, but a little less powerful. [potion of mutation]
 35573 | Lair:5   | Lost mutation: Your body sometimes deteriorates upon taking damage. [potion of mutation]
 35573 | Lair:5   | Gained mutation: You have a pair of small horns on your head. [potion of mutation]
 35683 | Lair:5   | HP: 6/125 [eight-headed hydra (6)]
 36307 | Orc:1    | Entered Level 1 of the Orcish Mines
 36630 | Orc:1    | Noticed Gastronok
 36725 | D:11     | Killed Gastronok
 36919 | Orc:2    | Entered Level 2 of the Orcish Mines
 36919 | Orc:2    | Found a staircase to the Elven Halls.
 36987 | Orc:2    | Noticed p0werm0de's ghost (journeyman DsBe)
 37025 | Orc:2    | Killed p0werm0de's ghost
 37148 | Orc:2    | Noticed vatarom's ghost (journeyman DsTm)
 37212 | Orc:2    | Killed vatarom's ghost
 38042 | Orc:2    | Reached skill level 14 in Long Blades
 38054 | Orc:1    | Reached XP level 15. HP: 93/132 MP: 18/18
 38415 | Orc:2    | Noticed Donald
 38448 | Orc:1    | Mangled by Donald

Skill      XL: |  1  2  3  4  5  6  7  8  9 10 11 12 13 14 |
---------------+-------------------------------------------+-----
Shields        | 2 3 4 5 6 7 8 9 10 11 12 | 12.8
Armour         | 2 3 4 5 6 7 8 9 10 11 12 | 12.6
Fighting       | 4 5 6 8 9 11 12 | 12.2
Long Blades    | 3 6 8 9 11 12 13 14 | 14.0
Staves         | |  1.0
Crossbows      | |  1.0
Dodging        | |  0.1

Action                   |  1- 3 |  4- 6 |  7- 9 | 10-12 | 13-15 || total
-------------------------+-------+-------+-------+-------+-------++-------
Melee: Dagger            |   248 |   221 |       |       |       ||   469
       Long sword        |       |    58 |       |       |       ||    58
       Scimitar          |       |     4 |   418 |  1452 |  2016 ||  3890
       Morningstar       |       |       |       |    19 |    79 ||    98
       Headbutt          |       |       |       |       |    99 ||    99
 Fire: Blowgun           |       |       |       |       |     4 ||     4
Throw: Javelin           |       |       |     5 |     9 |    10 ||    24
       Tomahawk          |       |       |       |       |    24 ||    24
 Abil: Evoke Invisibilit |       |       |     1 |       |       ||     1
       Blink             |       |       |       |     2 |       ||     2
Evoke: Wand              |       |       |     8 |     9 |     2 ||    19
       Lamp of fire      |       |       |       |     1 |       ||     1
  Use: Scroll            |     2 |     3 |     4 |    10 |    15 ||    34
       Potion            |       |       |     6 |    11 |    22 ||    39
 Stab: Invisible         |       |       |     2 |       |       ||     2
  Eat: Chunk             |     8 |     8 |    15 |    34 |    66 ||   131
       Meat ration       |       |     1 |       |       |       ||     1
       Fruit             |       |       |       |     1 |     4 ||     5
       Bread ration      |       |       |       |     2 |       ||     2
Armor: Ring mail         |    74 |       |       |       |       ||    74
       Chain mail        |    16 |   172 |    66 |       |       ||   254
       Plate armour      |       |       |   167 |   418 |       ||   585
       Crystal plate arm |       |       |       |   253 |  1564 ||  1817
Dodge: Dodged            |    61 |    58 |    70 |   212 |   365 ||   766
Block: Shield            |    81 |   134 |   246 |   747 |  1258 ||  2466
       Rpst.: Long sword |       |    12 |       |       |       ||    12
       Scimitar          |       |       |    22 |    59 |    76 ||   157
